cohdb
Replays
Latest Replays
All Replays
Popular Replays
Top Player Replays
Match Explorer
How It Works
Community
CoH3 Stats
Reddit
Sign in to upload your games and track your stats! →
Sign in with Steam
Match 43948233
Unlisted
Match 43948233
Overview
Messages
Build Orders
End
Selects Italian Combined Arms Battlegroup
Selects Bersaglieri Squad
Bersaglieri Squad
Kradschützen Motorcycle Team
Bersaglieri Squad
Construct Light Support Kompanie
Assault Grenadier Squad
Selects Bersaglieri Bolster
Fire Support Elements
Flakvierling Half-track
Pak 38 Mechanized Group
2.5-tonne Medical Truck
Vehicle Survival Package
Panzerjäger Squad
Construct Panzerarmee Kommand
Selects Breda Model 30 Light Machine Guns
Walking Stuka Rocket Launcher
Pak 38 Anti-tank Gun Team
Selects Semovente da 75/18 Assault Gun
Walking Stuka Rocket Launcher
Construct Mechanized Kompanie
William Rhodes
JZuna
b1ackie360
Pinhead Larry
Stormless
ultimatron
0
0
Comments
sign in to comment!
No comments posted yet!